Map: King Sejong Station LE

Players

SortOf - Winner!

  • Race: Zerg Zerg
  • League: Master

Rail

  • Race: Protoss Protoss
  • League: Master

VOD

https://youtu.be/SbL4HVs0_G8

Description

Time

  • Played on: Oct. 26, 2016, 6:46 a.m.
  • Length: 4:45
Show
View Real Time Build Order
Export as new Build Order

SortOf Zerg - Winner!

Build Orders: Hatch First 

Get SALT Encoding   

  12  0:00  Drone  
  13  0:12  Overlord  
  13  0:17  Drone  
  14  0:32  Drone x2  
  14  0:34  Drone  
  17  0:52  Unknown, Hatchery  
  17  0:55  Drone  
  17  0:58  Drone  
  17  1:02  Extractor  
  17  1:13  Spawning Pool  
  17  1:17  Drone  
  17  1:20  Drone  
  18  1:27  Overlord  
  18  1:38  Drone  
  19  1:56  Drone  
  19  2:00  Queen  
  19  2:01  Zergling x2  
  23  2:04  Queen, Unknown  
  23  2:05  Zergling x2  
  26  2:11  Drone  
  26  2:12  Metabolic Boost  
  27  2:20  Drone  
  28  2:31  Unknown, Hatchery  
  28  2:34  Zergling x2  
  28  2:38  Overlord  
  28  3:06  Zergling x2  
  28  3:07  Zergling x10  
  34  3:17  Zergling x12  
  40  3:25  Evolution Chamber  
  38  3:41  Zergling x8  
  38  3:42  Unknown  
  38  3:46  Overlord  
  38  3:48  Zergling x10  
  47  4:01  Zergling x6  
  47  4:02  Zergling x2  
  46  4:10  Zergling x6  
  45  4:21  Zergling x10  
  49  4:25  Zergling x2  
Show
View Real Time Build Order
Export as new Build Order

Rail Protoss 

Build Orders: 1 Gate Expand, Dark Templar Rush 

Get SALT Encoding   

  12  0:01  Probe (Chrono Boost)  
  13  0:11  Probe (Chrono Boost)  
  14  0:17  Pylon  
  14  0:22  Probe (Chrono Boost)  
  16  0:35  Probe (Chrono Boost)  
  16  0:36  Gateway  
  16  0:41  Assimilator  
  16  0:46  Probe (Chrono Boost)  
  17  0:56  Probe (Chrono Boost)  
  18  1:07  Probe (Chrono Boost)  
  19  1:18  Nexus, Unknown  
  19  1:27  Cybernetics Core  
  19  1:30  Probe (Chrono Boost)  
  20  1:36  Assimilator  
  20  1:41  Probe (Chrono Boost)  
  20  1:45  Pylon  
  21  1:52  Probe (Chrono Boost)  
  22  2:02  Probe (Chrono Boost)  
  22  2:03  Adept  
  22  2:04  Warp Gate  
  25  2:13  Probe (Chrono Boost)  
  26  2:23  Probe (Chrono Boost)  
  26  2:29  Unknown  
  29  2:30  Mothership Core (Chrono Boost)  
  29  2:31  Stalker  
  29  2:35  Probe (Chrono Boost)  
  32  2:46  Probe (Chrono Boost)  
  32  2:48  Probe (Chrono Boost), Twilight Council  
  34  2:56  Probe (Chrono Boost)  
  35  2:59  Probe (Chrono Boost)  
  35  3:01  Adept  
  35  3:03  Gateway  
  38  3:07  Probe (Chrono Boost)  
  38  3:10  Probe (Chrono Boost)  
  40  3:15  Robotics Facility  
  40  3:19  Probe (Chrono Boost)  
  41  3:20  Probe (Chrono Boost)  
  41  3:24  Pylon  
  42  3:29  Probe (Chrono Boost)  
  42  3:31  Assimilator  
  43  3:36  Probe (Chrono Boost)  
  43  3:40  Assimilator  
  44  3:41  Probe (Chrono Boost)  
  44  3:45  Dark Shrine  
  46  3:48  Probe (Chrono Boost)  
  46  3:52  Probe (Chrono Boost)  
  46  3:53  Pylon  
  43  4:05  Pylon  
  43  4:06  Pylon  
  43  4:08  Probe (Chrono Boost)  
  43  4:09  Probe (Chrono Boost)  
  45  4:14  Pylon  
  45  4:18  Adept  
  47  4:26  Adept  
  45  4:41  Adept  
Tags
 
Add a new tag
Caveats
  • Supply blocks, unpowered buildings, or Contaminate may cause inaccurate times.
  • Supply counts are checked every 10 seconds.